 Dungeon Crawl Stone Soup version 0.18-a0-486-gab6c0bd (webtiles) character file.

3111 George the Warrior (level 9, -9/63 HPs)
             Began as a Demonspawn Fighter on Dec 2, 2015.
             Was a Believer of Okawaru.
             Killed from afar by Joseph (18 damage)
             ... with a wand of lightning
             ... on level 8 of the Dungeon.
             The game lasted 00:18:27 (8274 turns).

George the Warrior (Demonspawn Fighter)             Turns: 8274, Time: 00:18:27

Health: -9/63      AC: 29    Str: 22    XL:     9   Next: 60%
Magic:  0/5        EV:  3    Int:  9    God:    Okawaru [**....]
Gold:   322        SH:  9    Dex: 15    Spells: 0 memorised, 8 levels left

rFire  . . .     SeeInvis .     B - +3 falchion "Veciom" {antimagic, Str+4}
rCold  + . .     Clarity  .     o - +0 plate armour
rNeg   . . .     SustAt   .     c - +0 shield
rPois  .         Gourm    .     W - +0 helmet
rElec  .         Spirit   +     k - +2 cloak
rCorr  .         Dismiss  .     L - +0 pair of gloves
rMut   .         Stasis   .     (no boots)
MR     .....                    (no amulet)
Stlth  ..........               (no ring)
                                C - +2 ring of protection

@: very slightly contaminated, not resistant to hostile enchantments, extremely
unstealthy
A: icy blue scales 1, cold resistance 1, icemail, regeneration 1, magic shield,
freezing cloud immunity
a: Heroism, Renounce Religion


You were on level 8 of the Dungeon.
You worshipped Okawaru.
Okawaru was pleased with you.
You were not hungry.

You visited 2 branches of the dungeon, and saw 9 of its levels.

You collected 322 gold pieces.

Inventory:

Hand Weapons
 a - a +1 long sword
 B - the +3 falchion "Veciom" (weapon) {antimagic, Str+4}
   (You found it on level 4 of the Dungeon)

   It disrupts the flow of magical energy around spellcasters and certain
   magical creatures (including the wielder).
   It affects your strength (+4).
 R - a +1 short sword of freezing
Armour
 c - a +0 shield (worn)
 k - a +2 cloak (worn)
 o - a +0 plate armour (worn)
 L - a +0 pair of gloves (worn)
 W - a +0 helmet (worn)
Jewellery
 y - an uncursed ring of ice
 C - a +2 ring of protection (left hand)
 I - an uncursed ring of ice
Wands
 N - a wand of flame (35)
 X - a wand of draining (0)
Scrolls
 i - 3 scrolls of teleportation
 P - 2 scrolls of enchant weapon
 U - a scroll of remove curse
Potions
 h - 5 potions of curing
 j - a potion of brilliance
 n - 2 potions of flight
 z - 2 potions of heal wounds
 K - a potion of haste
 O - a potion of resistance
 T - a potion of ambrosia {unknown}
Comestibles
 e - 5 bread rations
 l - a meat ration
 q - 3 beef jerkies
 r - 2 slices of pizza
 M - 3 fruits
 V - 5 chunks of flesh


   Skills:
 + Level 3.0 Fighting
 + Level 10.0 Long Blades
 + Level 2.6 Armour
 + Level 0.0 Dodging
 + Level 2.6 Shields
 - Level 10.5 Invocations


You had 8 spell levels left.
You didn't know any spells.

Dungeon Overview and Level Annotations

Branches:
Dungeon (8/15)             Temple (1/1) D:7            Lair (0/8) D:8

Altars:
Ashenzari
Cheibriados
Dithmenos
Fedhas
Gozag
Kikubaaqudgha
Makhleb
Nemelex Xobeh
Okawaru
Ru
Sif Muna
Trog
Vehumet
Xom
Yredelemnul
Zin
The Shining One

Annotations:
D:8 Joseph


Innate Abilities, Weirdness & Mutations

You are partially covered in icy blue scales (AC +1).
Your flesh is cold resistant.
A meltable icy envelope protects you from harm (AC +10).
When hurt, damage is shared between your health and your magic reserves.
You are immune to freezing clouds.
Your natural rate of healing is unusually fast.


Message History

Evoking this partially-identified wand wasted a few charges.
Joseph unwields an uncursed quarterstaff.
Joseph wields a hunting sling.
Joseph shoots a sling bullet.
You block the sling bullet.
Evoke which item? (* to show all) (? for menu, Esc to quit)
Zapping:
X - a wand of draining {zapped: 6} (will waste charges)
Press: ? - help, Shift-Dir - straight line, f/p - Joseph
Aim: Joseph, wielding a hunting sling, wearing a leather armour and carrying a wand of lightning {zapped: 3} (heavily wounded, lightly drained)
The bolt of negative energy hits Joseph.
Joseph is drained!
Joseph is almost dead.
Evoking this partially-identified wand wasted a few charges.
Joseph shoots a sling bullet.
The sling bullet hits you but does no damage.
Evoke which item? (* to show all) (? for menu, Esc to quit)
Zapping:
X - a wand of draining {zapped: 8} (will waste charges)
Press: ? - help, Shift-Dir - straight line, f/p - Joseph
Aim: Joseph, wielding a hunting sling, wearing a leather armour and carrying a wand of lightning {zapped: 3} (almost dead, heavily drained) Nothing appears to happen.
Joseph zaps a wand.
The bolt of lightning hits you!
You die...

'...#.....########
#####.....#......#
.)..#.....#......#
....#######....).#
....#.....#......#
....#.....#......#
....####'##......###########
...............###.#.......#
####...........#@..#.......#
# #...........#...'.......#
# #...........#...#@......#
# #...........#####.......#
####<.....##'#@............#
#.(#......#..#.............#
#..#......+..#.............#
#..# .. #.@#.............#
#..# #..#.............#


You could see Joseph.

Vanquished Creatures
  Sigmund (D:3)
  3 wargs
  A hippogriff (D:7)
  An orc warrior (D:7)
  3 ice beasts
  2 sky beasts
  4 centaurs
  4 ogres
  A giant frog (D:6)
  3 scorpions
  4 wights
  2 crimson imps (D:5)
  4 orc priests
  6 hounds
  A giant frog skeleton (D:5)
  An iguana (D:7)
  5 worker ants
  4 orc wizards
  A worker ant zombie (D:7)
  A shadow imp (D:8)
  6 adders
  2 oozes
  4 worms
  10 giant geckos
  20 orcs
  2 ball pythons (D:3)
  8 bats
  5 giant cockroaches
  14 goblins
  11 hobgoblins
  8 jackals
  7 kobolds
  9 quokkas
  2 giant gecko skeletons
  6 giant newts
  A jackal skeleton (D:8)
  8 rats
175 creatures vanquished.

Notes
Turn   | Place    | Note
--------------------------------------------------------------
     0 | D:1      | George the Demonspawn Fighter began the quest for the Orb.
     0 | D:1      | Reached XP level 1. HP: 18/18 MP: 1/1
    96 | D:1      | Gained mutation: Your flesh is cold resistant. [demonic ancestry]
    96 | D:1      | Reached XP level 2. HP: 16/24 MP: 2/2
   542 | D:1      | Reached XP level 3. HP: 22/29 MP: 3/3
  1054 | D:2      | Found a glowing silver altar of Zin.
  1505 | D:3      | Gained mutation: When hurt, damage is shared between your health and your magic reserves. [demonic ancestry]
  1505 | D:3      | Reached XP level 4. HP: 26/35 MP: 4/4
  1521 | D:3      | Reached skill level 4 in Long Blades
  2487 | D:3      | Noticed Sigmund
  2816 | D:3      | Killed Sigmund
  2816 | D:3      | Reached skill level 5 in Long Blades
  2816 | D:3      | Reached XP level 5. HP: 11/41 MP: 1/5
  2816 | D:3      | Gained mutation: You are immune to freezing clouds. [demonic ancestry]
  2816 | D:3      | Reached XP level 6. HP: 12/47 MP: 1/6
  3269 | D:4      | Reached skill level 6 in Long Blades
  3477 | D:4      | HP: 2/47 [ogre/giant club (16)]
  3490 | D:4      | HP: 1/47 [ogre/giant club (3)]
  4031 | D:4      | Found a deep blue altar of Sif Muna.
  4034 | D:4      | Found an iron altar of Okawaru.
  4041 | D:4      | Became a worshipper of Warmaster Okawaru
  4059 | D:4      | HP: 2/47 [ogre/giant club (13)]
  4062 | D:4      | Reached skill level 1 in Invocations
  4621 | D:4      | Got a dazzling falchion
  4622 | D:4      | Identified the +3 falchion "Veciom" {antimagic, Str+4} (You found it on level 4 of the Dungeon)
  4634 | D:5      | Entered Level 5 of the Dungeon
  4765 | D:5      | Gained mutation: You are partially covered in icy blue scales (AC +1). [demonic ancestry]
  4765 | D:5      | Reached XP level 7. HP: 25/52 MP: 1/9
  5070 | D:5      | Reached * piety under Okawaru
  5226 | D:5      | Reached skill level 7 in Long Blades
  5441 | D:5      | Gained mutation: Your natural rate of healing is unusually fast. [potion of beneficial mutation]
  5461 | D:5      | Reached skill level 5 in Invocations
  5543 | D:6      | Reached XP level 8. HP: 49/58 MP: 2/12
  5599 | D:6      | Found an opulent altar of Gozag.
  5750 | D:6      | Found a sacrificial altar of Ru.
  6216 | D:6      | Reached skill level 8 in Long Blades
  6816 | D:7      | Found a shimmering altar of Xom.
  7152 | D:7      | Found a staircase to the Ecumenical Temple.
  7170 | Temple   | Entered the Ecumenical Temple
  7267 | D:7      | Reached skill level 9 in Long Blades
  7267 | D:7      | Gained mutation: A meltable icy envelope protects you from harm (AC +10). [demonic ancestry]
  7267 | D:7      | Reached XP level 9. HP: 43/63 MP: 3/15
  7392 | D:7      | Reached ** piety under Okawaru
  7922 | D:8      | Reached skill level 10 in Invocations
  8161 | D:8      | Reached skill level 10 in Long Blades
  8164 | D:8      | Found a staircase to the Lair.
  8255 | D:8      | Noticed Joseph
  8274 | D:8      | Killed from afar by Joseph

Vault maps used:
D:1:      lightli_arrival_statue_moat
D:2:      lemuel_coloured_pillars_altar, lightli_corner_chamber
D:3:      uniq_sigmund
D:4:      minitemple, first_bread, hangedman_abyss_or_decor_stagger
D:5:      minmay_small_thing
D:6:      nicolae_ru_awakened_eye, minivault_25, grunt_gozag_breadcrumbs
D:7:      lemuel_crystal_altar, temple_green, roderic_st_hans_cross
D:8:      erik_lair_orcish_takeover, hangedman_pestilent_swarm, uniq_joseph
Temple:   circular_temple_12

Action                   |  1- 3 |  4- 6 |  7- 9 || total
-------------------------+-------+-------+-------++-------
Melee: Long sword        |   199 |   201 |       ||   400
       Falchion          |       |    25 |   446 ||   471
Evoke: Wand              |       |       |     4 ||     4
  Use: Potion            |       |     1 |     1 ||     2
       Scroll            |       |    12 |     7 ||    19
  Eat: Chunk             |     2 |    11 |    12 ||    25
